 Dungeon Crawl Stone Soup version 0.19-a0-1511-g16f215b (webtiles) character file.

27303 Duffy the Carver (level 13, -68/90 HPs)
             Began as a Formicid Wanderer on Sept 11, 2016.
             Was the Champion of Cheibriados.
             Annihilated by a titanic slime creature (76 damage)
             ... on level 12 of the Dungeon.
             The game lasted 00:21:02 (14301 turns).

Duffy the Carver (Formicid Wanderer)               Turns: 14301, Time: 00:21:02

Health: -68/90     AC: 26    Str: 36    XL:     13   Next: 64%
Magic:  4/17       EV:  6    Int: 28    God:    Cheibriados [******]
Gold:   777        SH: 24    Dex: 25    Spells: 1 memorised, 11 levels left

rFire  + . .     SeeInvis +     B - +1 great sword
rCold  + . .     Gourm    .     a - +0 plate armour
rNeg   . . .     Faith    .     q - +0 large shield
rPois  .         Spirit   .     (helmet unavailable)
rElec  .         Dismiss  .     v - +2 cloak
rCorr  .         Reflect  +     r - +0 pair of gloves
MR     +....     Harm     .     d - +1 pair of boots
Stlth  ..........               t - +3 amulet of reflection
                                j - ring of protection from cold
                                G - +5 ring of protection

@: drained, very slow
A: permanent stasis, dig shafts and tunnels, four strong arms, antennae 3, fire
resistance 1, frail 1, low mp 1, evolution 1
a: Dig, Shaft Self, Bend Time, Temporal Distortion, Slouch, Step From Time,
Renounce Religion


You were on level 12 of the Dungeon.
You worshipped Cheibriados.
Cheibriados was exalted by your worship.
You were very hungry.

You visited 2 branches of the dungeon, and saw 13 of its levels.
You also visited: Ice Cave.

You collected 777 gold pieces.

Inventory:

Hand Weapons
 B - a +1 great sword (weapon)
Armour
 a - a +0 plate armour (worn)
 d - a +1 pair of boots (worn)
 q - a +0 large shield (worn)
 r - a +0 pair of gloves (worn)
 v - a +2 cloak (worn)
Jewellery
 j - a ring of protection from cold (right hand)
 t - a +3 amulet of reflection (around neck)
 G - a +5 ring of protection (left hand)
 H - an uncursed ring of fire
Wands
 m - a wand of disintegration (18/24)
 n - a wand of paralysis (10/24)
 D - a wand of acid (2/15)
Scrolls
 e - 4 scrolls of remove curse
 h - a scroll of magic mapping {unknown}
 i - a scroll of fog
 k - a scroll of enchant armour {unknown}
 x - 2 scrolls of enchant weapon
 y - 4 scrolls of immolation
 z - a scroll of blinking {unknown}
 A - a scroll of recharging
 C - 5 scrolls of identify
Potions
 b - 2 potions of curing
 g - 3 potions of flight
 p - a potion of invisibility
 u - 2 potions of agility
 w - a potion of resistance
 E - a potion of heal wounds
Comestibles
 c - 2 beef jerkies
 f - 11 bread rations
 l - 7 meat rations
 o - 10 slices of pizza
 s - a chunk of flesh


   Skills:
 - Level 9.6(9.0) Fighting
 + Level 14.5(13.8) Long Blades
 - Level 1.0(0.5) Throwing
 - Level 9.2(8.7) Armour
 + Level 9.5(9.0) Shields
 - Level 3.6(3.1) Translocations
   Level 1.3(0.9) Poison Magic
 - Level 9.2(8.7) Invocations
 - Level 2.8(2.3) Evocations


You had 11 spell levels left.
You knew the following spells:

 Your Spells              Type           Power        Failure   Level  Hunger
a - Apportation           Tloc           ###.......   69%         1    ##.....


Dungeon Overview and Level Annotations

Branches:
Dungeon (12/15)            Temple (1/1) D:4            Lair (0/6) D:11
    Orc (0/2) D:11

Altars:
Ashenzari
Cheibriados
Dithmenos
Elyvilon
Fedhas
Hepliaklqana
Qazlal
Ru
Sif Muna
Trog
Uskayaw
Vehumet
Xom
Yredelemnul
Zin

Shops:
D:5 (   D:7 (   D:8 (

Annotations:
D:4 exclusion: statue


Innate Abilities, Weirdness & Mutations

You are under a permanent stasis effect.
You can dig through walls and to a lower floor.
Your four strong arms can wield two-handed weapons with a shield.
You have a pair of large antennae on your head. (SInv)
Your flesh is heat resistant. (rF+)
You are frail. (-10% HP)
Your magical capacity is low. (-10% MP)
You evolve.


Message History

You don't have enough magic at the moment.
You slice the titanic slime creature!!
The titanic slime creature is moderately wounded.
You block the titanic slime creature's attack.
You hit the titanic slime creature.
The titanic slime creature is moderately wounded.
The titanic slime creature completely misses you.
A vampire mosquito comes into view.
You slice the titanic slime creature!!
The titanic slime creature is heavily wounded.
You block the titanic slime creature's attack.
You hit the titanic slime creature but do no damage.
The titanic slime creature is heavily wounded.
You block the titanic slime creature's attack.
You can feel time thicken for a moment.
You destroy the vampire mosquito!
Cheibriados thoroughly appreciates the change of pace.
You feel somewhat more hungry. The titanic slime creature hits you!!!!
Ouch! That really hurt!
You die... ## # # ... .0.#.. #0#0# # 0{{_o0

#. #{#o#0#
###.#########JJo#
............@#J#.0
{
##.#.....####{..0
{ #.....# #..{..{
#.....# #.......
#.....# #....o.o
#.....# #.......
#.....# #.......
#####.....# ##
#.........# ...


You could see a titanic slime creature, a large slime creature and an orc.

Vanquished Creatures
  A frost giant (IceCv)
  The ghost of Bronet the Basher, a novice DDFi of Ru (D:10)
  A queen ant (D:11)
  5 hill giants
  3 ugly things
  An elephant (D:11)
  2 centaur zombies
  Psyche (D:12)
  A rime drake (IceCv)
  A gargoyle (D:12)
  22 polar bears (IceCv)
  2 trolls
  2 two-headed ogres (D:11)
  Sigmund (D:2)
  26 yaks
  A shadow (D:11)
  6 hippogriffs
  A hungry ghost (D:12)
  The ghost of Xiguana the Skirmisher, an amateur DsCK of Xom (D:4)
  2 vampire mosquitoes (D:12)
  7 soldier ants (D:11)
  6 orc warriors
  2 sky beasts
  2 ice beasts
  2 necrophages
  2 phantoms
  A black bear (D:9)
  3 ogres
  16 wolves (IceCv)
  6 centaurs
  A crocodile (D:8)
  8 giant frogs
  A big kobold (D:10)
  17 killer bees
  5 scorpions
  A water moccasin skeleton (D:10)
  8 wights
  5 howler monkeys
  9 crimson imps
  2 lava snakes (D:9)
  2 giant frog zombies
  3 quasits (D:11)
  Crazy Yiuf (D:3)
  5 hounds
  2 jellies
  2 orc priests
  8 orc wizards
  A centaur skeleton (D:9)
  8 iguanas
  40 worker ants
  A killer bee zombie (D:5)
  A howler monkey zombie (D:11)
  6 gnolls
  13 adders
  2 shadow imps
  An adder skeleton (D:8)
  3 worms
  4 dart slugs
  4 giant geckos
  48 orcs
  A ball python (D:3)
  5 giant cockroaches
  7 goblins
  5 hobgoblins
  10 jackals
  13 kobolds
  3 quokkas
  4 bats
  A giant gecko skeleton (D:8)
  2 giant newts
  2 quokka skeletons
  5 rats
398 creatures vanquished.

Vanquished Creatures (others)
  An orc wizard (D:11)
  An orc (D:7)
  A fungus (D:11)
  A plant (D:11)
4 creatures vanquished.

Grand Total: 402 creatures vanquished

Notes
Turn   | Place    | Note
-------+----------+-------------------------------------------
     0 | D:1      | Duffy the Formicid Wanderer began the quest for the Orb.
     0 | D:1      | Duffy set off with: a +2 falchion, Wuyhiad's Guide on Changing, Diluycw's Incunabulum of Orientation, a +0 robe, a bread ration
     0 | D:1      | Reached XP level 1. HP: 16/16 MP: 1/1
     0 | D:1      | Identified Wuyhiad's Guide on Changing
     0 | D:1      | Identified Diluycw's Incunabulum of Orientation
   108 | D:1      | Reached skill level 2 in Long Blades
   108 | D:1      | Reached XP level 2. HP: 19/22 MP: 2/2
   627 | D:1      | Reached XP level 3. HP: 14/27 MP: 3/3
  1006 | D:2      | Reached skill level 3 in Long Blades
  1343 | D:2      | Reached XP level 4. HP: 29/33 MP: 4/4
  1478 | D:2      | Noticed Sigmund
  1507 | D:2      | Killed Sigmund
  1507 | D:2      | Reached skill level 4 in Long Blades
  1507 | D:2      | Reached XP level 5. HP: 33/38 MP: 5/5
  1507 | D:2      | Reached XP level 6. HP: 38/44 MP: 6/6
  2975 | D:3      | Found a runed door.
  2979 | D:3      | Noticed Crazy Yiuf
  2988 | D:3      | Killed Crazy Yiuf
  2988 | D:3      | Reached skill level 5 in Long Blades
  3616 | D:4      | Found a radiant altar of Vehumet.
  3713 | D:4      | Noticed Xiguana's ghost (amateur DsCK)
  3867 | D:4      | Found a hide-covered altar of Uskayaw.
  3978 | D:4      | Found a staircase to the Ecumenical Temple.
  3996 | Temple   | Entered the Ecumenical Temple
  4061 | Temple   | Became a worshipper of Cheibriados the Contemplative
  4107 | D:5      | Entered Level 5 of the Dungeon
  4203 | D:4      | Found a stormy altar of Qazlal.
  4203 | D:4      | Found a glowing silver altar of Zin.
  4348 | D:5      | Reached skill level 5 in Shields
  4348 | D:5      | Reached XP level 7. HP: 33/50 MP: 7/7
  4585 | D:5      | Found Pihochu's Weapon Boutique.
  4853 | D:5      | Reached skill level 6 in Long Blades
  5045 | D:5      | Reached * piety under Cheibriados
  5045 | D:5      | Reached XP level 8. HP: 56/56 MP: 8/8
  5407 | D:6      | Reached skill level 7 in Long Blades
  5498 | D:6      | Learned a level 1 spell: Apportation
  5648 | D:6      | Found a sacrificial altar of Ru.
  5800 | D:6      | Reached XP level 9. HP: 51/61 MP: 9/9
  6210 | D:7      | Reached skill level 8 in Long Blades
  6490 | D:7      | Reached ** piety under Cheibriados
  6677 | D:7      | Found Joucoucs's Weapon Boutique.
  6786 | D:7      | Reached skill level 1 in Evocations
  7233 | D:7      | Reached skill level 1 in Armour
  7241 | D:7      | Reached skill level 9 in Long Blades
  7574 | D:8      | Reached *** piety under Cheibriados
  7748 | D:8      | Reached XP level 10. HP: 57/67 MP: 12/12
  8145 | D:8      | Found Aloyzi's Weapon Boutique.
  8311 | D:8      | Reached skill level 10 in Long Blades
  8395 | D:8      | Reached **** piety under Cheibriados
  8723 | D:4      | Killed Xiguana's ghost
  8723 | D:4      | Reached skill level 5 in Armour
  9106 | D:9      | Reached skill level 1 in Invocations
  9207 | D:9      | Reached skill level 5 in Invocations
  9651 | D:10     | Entered Level 10 of the Dungeon
  9660 | D:10     | Noticed Bronet's ghost (novice DDFi)
  9686 | D:10     | Killed Bronet's ghost
  9686 | D:10     | Reached XP level 11. HP: 24/74 MP: 14/17
 10283 | D:10     | Noticed a hill giant
 10291 | D:10     | Killed a hill giant
 10466 | D:10     | Noticed a hill giant
 10480 | D:10     | Killed a hill giant
 10480 | D:10     | Reached skill level 11 in Long Blades
 10488 | D:10     | Reached skill level 5 in Fighting
 10489 | D:10     | Reached ***** piety under Cheibriados
 10840 | D:10     | Noticed a seven-headed hydra
 10840 | D:10     | Noticed a deep elf mage
 10922 | D:11     | Noticed a brown ugly thing
 10933 | D:10     | Killed a brown ugly thing
 10940 | D:10     | Gained mutation: You evolve. [mutagenic meat]
 10943 | D:10     | Gained mutation: Your flesh is heat resistant. (rF+) [mutagenic meat]
 10946 | D:10     | Gained mutation: You are frail. (-10% HP) [mutagenic meat]
 10982 | D:11     | Noticed an elephant
 10992 | D:11     | Killed an elephant
 11100 | D:11     | Noticed a queen ant
 11113 | D:11     | Killed a queen ant
 11113 | D:11     | Reached XP level 12. HP: 63/81 MP: 9/18
 11133 | D:11     | Reached skill level 12 in Long Blades
 11157 | D:11     | Found a frozen archway.
 11164 | IceCv    | Entered an ice cave
 11791 | IceCv    | Reached skill level 13 in Long Blades
 11793 | IceCv    | Reached ****** piety under Cheibriados
 12040 | IceCv    | Noticed a frost giant
 12051 | IceCv    | Killed a frost giant
 12060 | IceCv    | Reached XP level 13. HP: 55/90 MP: 19/19
 12976 | D:11     | Found a staircase to the Lair.
 13234 | D:11     | Reached skill level 14 in Long Blades
 13419 | D:11     | Found a staircase to the Orcish Mines.
 13599 | D:11     | Gained mutation: Your magical capacity is low. (-10% MP) [mutagenic meat]
 14111 | D:12     | Noticed Psyche
 14119 | D:12     | Killed Psyche
 14246 | D:12     | Found a shadowy altar of Dithmenos.
 14301 | D:12     | Annihilated by a titanic slime creature

Vault maps used:
D:1:      mrwooster_arrival_statue_2
D:2:      uniq_sigmund
D:3:      uniq_crazy_yiuf_cottage
D:4:      vehumet_statue, overflow_temple_1_default,
          nicolae_overflow_hidden_temple, first_bread
D:5:      serial_shops, kennysheep_little_box
D:6:      lemuel_round_altar
D:7:      serial_shops, shop
D:8:      serial_shops, shop, grunt_pizzeria
D:9:      serial_park_tiny_pond
D:10:     lightli_corner_chamber
D:11:     david_lair_generic, portal_ice_cave_entry_pillars_2,
          minmay_variable_closet, nicolae_twisting_strands, grunt_ministairs_6,
          zaba_antful_of_joy
D:12:     grunt_dithmenos_smoke_and_mirrors, uniq_psyche
Temple:   eino_temple_scatter_basement
IceCv:    ice_cave_caverns_03

Skill      XL: |  1  2  3  4  5  6  7  8  9 10 11 12 13 |
---------------+----------------------------------------+-----
Long Blades    | 2 3 4 5 6 7 9 10 11 13 14 | 14.5
Shields        | 4 5 6 8 9 |  9.5
Evocations     | 2 |  2.8
Armour         | 4 5 6 9 |  9.2
Invocations    | 8 9 |  9.2
Fighting       | 7 9 |  9.6
Throwing       | |  1.0
Translocations | |  3.6
Poison Magic   | |  1.3

Action                   |  1- 3 |  4- 6 |  7- 9 | 10-12 | 13-15 || total
-------------------------+-------+-------+-------+-------+-------++-------
Melee: Falchion          |    60 |   147 |       |       |       ||   207
       Great sword       |       |    43 |   367 |   650 |   318 ||  1378
Invok: Slouch            |       |       |       |     3 |     4 ||     7
 Abil: Dig               |     2 |     2 |     4 |    16 |     6 ||    30
Evoke: Wand              |       |       |       |    11 |     3 ||    14
  Use: Potion            |     4 |     4 |     2 |       |       ||    10
       Scroll            |       |       |    14 |       |     3 ||    17
 Stab: Distracted        |       |     1 |       |       |       ||     1
       Sleeping          |       |     1 |       |       |       ||     1
       Invisible         |       |       |     6 |       |       ||     6
       Paralysed         |       |       |       |       |     2 ||     2
  Eat: Chunk             |     2 |     7 |     7 |    11 |     6 ||    33
       Fruit             |       |     4 |       |       |       ||     4
       Royal jelly       |       |       |       |     1 |       ||     1
Armor: Robe              |     5 |    19 |       |       |       ||    24
       Skin              |       |     9 |    10 |       |       ||    19
       Chain mail        |       |    30 |    87 |       |       ||   117
       Leather armour    |       |     3 |       |       |       ||     3
       Plate armour      |       |       |    51 |   268 |    84 ||   403
Dodge: Dodged            |    32 |    53 |    63 |   140 |    54 ||   342
Block: Shield            |     2 |    75 |   267 |   532 |   199 ||  1075
       Reflection        |       |       |     8 |     2 |     5 ||    15
       Large shield      |       |       |       |       |    70 ||    70
